 Dungeon Crawl Stone Soup version 0.31-a0-978-g1e143483b6 (webtiles) character file.

Game seed: 12089980139265068311

364 MacCMillion the Ruffian (level 6, 0/43 HPs)
             Began as an Octopode Shapeshifter on Oct 30, 2023.
             Slain by a gnoll
             ... wielding a +0 spear
              (2 damage)
             ... on level 5 of the Dungeon.
             The game lasted 00:04:05 (3335 turns).

MacCMillion the Ruffian (Octopode Shapeshifter)     Turns: 3335, Time: 00:04:06

Health: 0/43       AC:  1    Str: 16    XL:     6   Next: 67%
Magic:  6/6        EV: 13    Int: 18    God:
Gold:   138        SH:  0    Dex: 11    Spells: 5/5 levels left

rFire   . .          .
                       - Unarmed
rCold   . . .        (no shield)
rNeg    . . .        (helmet currently unavailable)
rPois   .            (no amulet)
rElec   .            i - +6 ring of intelligence
rCorr   .            (no ring)
SInv    .            (no ring)
Will    .....        (no ring)
Stlth   +++          (no ring)
HPRegen 0.27/turn    (no ring)
MPRegen 0.10/turn    (no ring)
                     (no ring)

%: no passive effects
@: beast-form
A: beast (slay +1), almost no armour, amphibious, 8 rings, camouflage 1,
gelatinous body 1, (nimble swimmer 1), tentacles
a: Begin Untransformation


You were on level 5 of the Dungeon.
You were a hulking beast.
You visited 1 branch of the dungeon, and saw 5 of its levels.

You collected 138 gold pieces.

Inventory:

Jewellery
 i - a +6 ring of intelligence (left tentacle)
Talismans
 b - a beast talisman
 c - a flux talisman
 j - a serpent talisman
Wands
 p - a wand of mindburst (12)
Scrolls
 a - 3 scrolls of noise {unknown}
 e - a scroll of teleportation
 g - 6 scrolls of fog
 k - a scroll of identify {unknown}
 l - a scroll of fear {unknown}
 n - 2 scrolls of vulnerability {unknown}
 o - a scroll of amnesia {unknown}
 q - a scroll of poison {unknown}
Potions
 d - 6 potions of curing {unknown}
 f - 3 potions of degeneration {unknown}
 h - 4 potions of might {unknown}
 m - a potion of enlightenment {unknown}
 r - 3 potions of attraction {unknown}
 s - a potion of cancellation {unknown}
 t - a potion of haste {unknown}


   Skills:
 + Level 4.2 Fighting
 - Level 2.0 Dodging
 - Level 4.0 Stealth
 + Level 5.0 Unarmed Combat
 - Level 3.0 Shapeshifting


You had 5 spell levels left.
You didn't know any spells.
Your spell library contained the following spells:

 Spells                   Type           Power      Damage    Failure   Level
 Wereblood                Tmut           0%         N/A       32%         2
 Summon Guardian Golem    Hex/Summ       0%         N/A       54%         3
 Volatile Blastmotes      Fire/Tloc      0%         2d10      54%         3
 Fulminant Prism          Conj/Hex       0%         3d5       91%         4
 Iskenderun's Mystic Bla  Conj/Tloc      0%         2d3       91%         4
 Irradiate                Conj/Tmut      0%         3d11      99%         5
 Orb of Destruction       Conj           0%         9d5       100%        7
 Spellforged Servitor     Conj/Summ      0%         N/A       100%        7


Dungeon Overview and Level Annotations

Branches:
Dungeon (5/15)
 Temple: D:4-7

Altars:
Elyvilon

Annotations:
D:5 exclusion: ogre


Innate Abilities, Weirdness & Mutations

You are a hulking beast.
Your limbs bulge with bestial killing power. (Slay +1)
You cannot wear most types of armour.
You are amphibious.
You can wear up to eight rings at the same time.
Your skin changes colour to match your surroundings (Stealth+).
Your rubbery body absorbs attacks. (AC +1, EV +1)
((You are camouflaged when in or above water. (Stealth+)))
You have tentacles for arms and can constrict up to eight enemies at once.


Message History

You tentacle-slap the orc but do no damage.
The orc blocks your attack. The orc barely misses you.
The orc blocks your attack.
Your grab misses the orc. The orc hits you with a +0 hand axe.
The orc blocks your attack. x2; The orc misses you.
The orc blocks your attack.
You grab the orc. You constrict the orc. The orc blocks your attack.
The orc is moderately wounded.
You constrict the orc. The orc barely misses you.
You tentacle-slap the orc but do no damage.
The orc is heavily wounded.
You constrict the orc. The orc hits you with a +0 hand axe.
The orc blocks your attack.
The orc is heavily wounded.
You constrict the orc. The orc hits you with a +0 hand axe.
* * * LOW HITPOINT WARNING * * *
The orc blocks your attack.
You tentacle-slap the orc, but do no damage.
The orc blocks your attack.
The orc is almost dead.
You constrict the orc.
You kill the orc!
You closely miss the orc. Your grab misses the orc.
Your squeeze misses the orc. The orc closely misses you.
You tentacle-slap the orc. Your grab misses the orc.
The orc is almost dead.
The orc hits you with a +0 dagger.
* * * LOW HITPOINT WARNING * * *
You bludgeon the orc!
You kill the orc!
You tentacle-slap the gnoll. You grab the gnoll.
The gnoll is moderately wounded.
You constrict the gnoll. The gnoll hits you with a +0 whip!
* * * LOW HITPOINT WARNING * * *
You tentacle-slap the gnoll. You squeeze the gnoll.
You kill the gnoll!
The gnoll closely misses you. The gnoll attacks as it pursues you!
The gnoll hits you from afar with a +0 spear.
You die...

#....#
####.#
#.#
#.#
#.#
#.#
#.#
#.#
#h#
#.#
#g#
#.#
#g#
#.#
#.#
#.#
#.#


You could see 2 gnolls.

Vanquished Creatures
  A howler monkey (D:4)
  3 hounds
  An orc priest (D:5)
  A sleepcap (D:4)
  2 orc wizards
  3 adders
  A gnoll (D:5)
  A white imp (D:5)
  A worm (D:2)
  10 orcs
  6 bats
  4 endoplasms
  2 giant cockroaches (D:1)
  6 goblins
  6 hobgoblins
  3 jackals (D:4)
  10 kobolds
  2 quokkas
  7 ball pythons
  5 rats
75 creatures vanquished.

Notes
Turn   | Place    | Note
-------+----------+-------------------------------------------
     0 | D:1      | MacCMillion the Octopode Shapeshifter began the quest for
                  | the Orb.
     0 | D:1      | Reached XP level 1. HP: 13/13 MP: 1/1
   134 | D:1      | Reached skill level 1 in Stealth
   137 | D:1      | Reached XP level 2. HP: 18/18 MP: 2/2
   631 | D:2      | Reached XP level 3. HP: 23/24 MP: 3/3
   856 | D:2      | Reached XP level 4. HP: 10/29 MP: 4/4
  1096 | D:2      | Found a faded altar of an unknown god.
  1209 | D:2      | Found Xoomimp's Vocational Training.
  1785 | D:3      | Found a white marble altar of Elyvilon.
  2288 | D:4      | Reached skill level 4 in Unarmed Combat
  2288 | D:4      | Reached XP level 5. HP: 31/36 MP: 5/5
  2694 | D:4      | Reached XP level 6. HP: 29/42 MP: 6/6
  3198 | D:5      | Entered Level 5 of the Dungeon
  3320 | D:5      | Reached skill level 5 in Unarmed Combat
  3331 | D:5      | HP: 1/43 [gnoll/+0 whip (7)]
  3335 | D:5      | Slain by a gnoll

Illustrated notes

Levels and vault maps discovered:
D:1:      roderic_dead_forest, layout_rooms, minmay_misc_feat_secret_circle
D:2:      layout_loops_cross, chequers_ecumenical_altar_island,
          nicolae_shop_vocational
D:3:      layout_loops_ring, lemuel_doored_altar
D:4:      layout_basic
D:5:      layout_loops_ring, nicolae_yredelemnul_ghost_church,
          nicolae_overflow_macrodata_refinement, serial_shops, shop

Skill      XL: |  1  2  3  4  5  6 |
---------------+-------------------+-----
Stealth        | 1 2 3 4 |  4.0
Fighting       | 2 3 4 |  4.2
Unarmed Combat | 4 5 |  5.0
Dodging        | |  2.0
Shapeshifting  | |  3.0

Action                     |  1- 3 |  4- 6 || total
---------------------------+-------+-------++-------
  Melee: Unarmed           |    68 |    93 ||   161
         Constrict         |    15 |    26 ||    41
         Tentacles         |    10 |    16 ||    26
         Punch             |     1 |     4 ||     5
    Use: Potion            |     1 |       ||     1
         Scroll            |       |     2 ||     2
   Stab: Sleeping          |     7 |     7 ||    14
         Distracted        |       |     1 ||     1
 Armour: Skin              |    34 |    38 ||    72
  Dodge: Dodged            |    42 |    46 ||    88

Table legend: (Time is in decaauts)
 A = Elapsed time spent in this place.
 B = Non-inter-level travel time spent in this place.
 C = Inter-level travel time spent in this place.
 D = Time resting spent in this place.
 E = Time spent auto-exploring this place.
 F = Levels seen in this place.
 G = Mean time per level.
                   A        B        C        D        E       F      G
               +--------+--------+--------+--------+--------+-----+--------+
         Total |   3323 |   3124 |    199 |    255 |   2358 |   5 |  664.6 |
       Dungeon |   3323 |   3124 |    199 |    255 |   2358 |   5 |  664.6 |
               +--------+--------+--------+--------+--------+-----+--------+

Top non-repeatable levels by time:
     D:4: 1017 daAuts
     D:2: 931 daAuts
     D:1: 666 daAuts
     D:3: 573 daAuts
     D:5: 134 daAuts
